 Dungeon Crawl Stone Soup version 0.32-a0-12-g7fc57aa741 (webtiles) character file.

Game seed: 9391849961306149193

37 PriceMaster the Trooper (level 3, -8/34 HPs)
             Began as a Minotaur Berserker on Jan 15, 2024.
             Was a Follower of Trog.
             Mangled by a gnoll
             ... wielding a +0 halberd
              (13 damage)
             ... on level 2 of the Dungeon.
             The game lasted 00:00:31 (201 turns).

PriceMaster the Trooper (Minotaur Berserker)         Turns: 201, Time: 00:00:32

Health: -8/34      AC:  2    Str: 23    XL:     3   Next: 23%
Magic:  2/2        EV: 12    Int:  4    God:    Trog [*.....]
Gold:   5          SH:  0    Dex:  9    Spells: 2/2 levels left

rFire   . . .        a - +0 falchion
rCold   . . .        (no shield)
rNeg    . . .        b - +0 animal skin
rPois   .            (helmet restricted)
rElec   .            (no cloak)
rCorr   .            (no gloves)
SInv    .            (no boots)
Will    .....        (no amulet)
Stlth   +            (no ring)
HPRegen 0.25/turn    (no ring)
MPRegen 0.08/turn

%: no passive effects
@: on berserk cooldown, slowed, very slow
A: horns 2, retaliatory headbutt
a: Renounce Religion, Berserk


You were on level 2 of the Dungeon.
You worshipped Trog.
Trog was aware of your devotion.
You visited 1 branch of the dungeon, and saw 2 of its levels.

You collected 5 gold pieces.

Inventory:

Hand Weapons
 a - a +0 falchion (weapon)
Armour
 b - a +0 animal skin (worn)
Scrolls
 c - a scroll of identify {unknown}


   Skills:
 + Level 4.3 Fighting
 + Level 4.3 Long Blades
 + Level 2.7 Armour
 + Level 2.5 Dodging


You had 2 spell levels left.
You didn't know any spells.
Your spell library was empty.

Dungeon Overview and Level Annotations

Branches:
Dungeon (1/15)

Altars:


Innate Abilities, Weirdness & Mutations

You have a pair of horns on your head.
You reflexively headbutt those who attack you in melee.


Message History

You are too injured to fight recklessly!
You are too injured to fight recklessly!
You slash the gnoll!
You kill the gnoll!
Trog accepts your kill. The gnoll closely misses you.
Unknown command.
You slash the ribbon worm!
The ribbon worm is severely wounded.
You slash the ribbon worm!
You kill the ribbon worm!
Trog accepts your kill. The gnoll closely misses you.
You have reached level 3!
Your experience leads to an increase in your attributes!
Increase (S)trength, (I)ntelligence, or (D)exterity?
You feel stronger. x2
You closely miss the gnoll.
The gnoll hits you with a +1 flail of holy wrath!
* * * LOW HITPOINT WARNING * * *
The gnoll barely misses you.
You barely miss the gnoll. You barely miss the gnoll.
The gnoll hits you with a +1 flail of holy wrath.
* * * LOW HITPOINT WARNING * * *
The gnoll barely misses you.
You are too berserk!
You barely miss the gnoll. You headbutt the gnoll.
The gnoll is heavily wounded.
You slash the gnoll!
You kill the gnoll!
Trog accepts your kill. The gnoll closely misses you.
You are no longer berserk.
You are exhausted.
You feel yourself slow down.
You aren't carrying any potions.
The gnoll attacks as it pursues you!
The gnoll hits you from afar with a +0 halberd!
You die...

##..##.........#
##..#####.#<####
..........#.#
###########'##
##...## # ##.....##
.# #.......## ..#
#.........####...###
+.........@.g)......
#.........####...#.#
##.......## ...#
##.....## ...#
##...## ... ##+# .#
#


You could see a gnoll.

Vanquished Creatures
  3 gnolls (D:2)
  A ribbon worm (D:2)
  A quokka (D:1)
  2 ball pythons (D:1)
  A bat (D:1)
  2 frilled lizards (D:1)
  A goblin (D:1)
  A kobold (D:1)
12 creatures vanquished.

Notes
Turn   | Place    | Note
-------+----------+-------------------------------------------
     0 | D:1      | PriceMaster the Minotaur Berserker began the quest for the
                  | Orb.
     0 | D:1      | Reached XP level 1. HP: 19/19 MP: 0/0
   140 | D:1      | You fall into a shaft and drop 1 floor!
   188 | D:2      | Reached XP level 2. HP: 27/27 MP: 1/1
   195 | D:2      | Reached XP level 3. HP: 21/33 MP: 2/2
   201 | D:2      | Mangled by a gnoll

Illustrated notes

Levels and vault maps discovered:
D:1:      minmay_arrival_glassed_features, layout_basic,
          hellmonk_ecumenical_altar_leap_of_faith, minmay_misc_feat_rows,
          st_stairs_5
D:2:      layout_loops_corners, guppyfry_early_orc_mine

Skill      XL: |  1 |
---------------+----+-----
Fighting       | 4 |  4.3
Long Blades    | 4 |  4.3
Armour         | |  2.7
Dodging        | |  2.5

Action                     || total
---------------------------++-------
  Melee: Falchion          ||    25
         Headbutt          ||     3
 Invoke: Berserk           ||     2
 Armour: Animal skin       ||    17
  Dodge: Dodged            ||    23

Table legend: (Time is in decaauts)
 A = Elapsed time spent in this place.
 B = Non-inter-level travel time spent in this place.
 C = Inter-level travel time spent in this place.
 D = Time resting spent in this place.
 E = Time spent auto-exploring this place.
 F = Levels seen in this place.
 G = Mean time per level.
                   A        B        C        D        E       F      G
               +--------+--------+--------+--------+--------+-----+--------+
         Total |    207 |    207 |      0 |      0 |    158 |   2 |  103.5 |
       Dungeon |    207 |    207 |      0 |      0 |    158 |   2 |  103.5 |
               +--------+--------+--------+--------+--------+-----+--------+

Top non-repeatable levels by time:
     D:1: 151 daAuts
     D:2: 56 daAuts
